 Dungeon Crawl Stone Soup version 0.29.0-5-ge4962eb29e (webtiles) character file.

Game seed: 883762238029537528

3 Arcadio the Covert (level 1, 0/23 HPs)
             Began as a Gnoll Delver on Aug 29, 2022.
             Was a High Priest of Ignis.
             Slain by a jelly (2 damage)
             ... on level 4 of the Dungeon.
             The game lasted 00:01:07 (163 turns).

Arcadio the Covert (Gnoll Delver)                    Turns: 163, Time: 00:01:07

Health: 0/23       AC:  2    Str: 11    XL:     1   Next: 50%
Magic:  1/1        EV: 13    Int:  9    God:    Ignis [*****.]
Gold:   0          SH:  0    Dex: 13    Spells: 0/0 levels left

rFire   + . .      SeeInvis .   a - +0 falchion
rCold   . . .      Faith    .   (no shield)
rNeg    . . .      Spirit   .   b - +0 leather armour
rPois   .          Reflect  .   (no helmet)
rElec   .          Harm     .   (no cloak)
rCorr   .          Rampage  .   (no gloves)
Will    .....                   (no boots)
Stlth   ++++......              (no amulet)
HPRegen 0.07/turn               (no ring)
MPRegen 0.07/turn               (no ring)

@: corroded, fiery-armoured
A: fangs 1, strong nose, distributed training
a: Renounce Religion, Fiery Armour, Foxfire Swarm, Rising Flame


You were on level 4 of the Dungeon.
You worshipped Ignis.
Ignis was extremely pleased with you.
You visited 2 branches of the dungeon, and saw 3 of its levels.

Inventory:

Hand Weapons
 a - a +0 falchion (weapon)
Armour
 b - a +0 leather armour (worn)
Wands
 g - a wand of digging (3)
Scrolls
 c - a scroll of fog
 d - a scroll of magic mapping
 e - a scroll of fear
Potions
 f - a potion of haste


   Skills:
 + Level 6.4 Fighting
 + Level 0.0 Short Blades
 + Level 4.4 Long Blades
 + Level 0.0 Axes
 + Level 0.0 Maces & Flails
 + Level 0.0 Polearms
 + Level 0.0 Staves
 + Level 0.0 Ranged Weapons
 + Level 0.0 Throwing
 + Level 0.0 Armour
 + Level 4.4 Dodging
 + Level 9.5 Stealth
 + Level 0.0 Shields
 + Level 0.0 Unarmed Combat
 + Level 0.0 Spellcasting
 + Level 0.0 Conjurations
 + Level 0.0 Hexes
 + Level 0.0 Summonings
 + Level 0.0 Necromancy
 + Level 0.0 Translocations
 + Level 0.0 Transmutations
 + Level 0.0 Fire Magic
 + Level 0.0 Ice Magic
 + Level 0.0 Air Magic
 + Level 0.0 Earth Magic
 + Level 0.0 Poison Magic
 + Level 0.1 Invocations
 + Level 0.0 Evocations


You couldn't memorise any spells.
You didn't know any spells.
Your spell library was empty.

Dungeon Overview and Level Annotations

Branches:
Dungeon (5/15) Zot: 11969  Temple (1/1) D:5 Zot: 5866

Altars:
Fedhas
Gozag
Kikubaaqudgha
Makhleb
Okawaru
Qazlal
Ru
Sif Muna
Trog
Vehumet
Wu Jian
Xom
Yredelemnul
Ignis

Annotations:
D:5 Ijyb


Innate Abilities, Weirdness & Mutations

You have very sharp teeth.
Your uncanny sense of smell can sniff out nearby items.
Your experience applies equally to all skills.


Message History

Level annotation: Ijyb The orc closely misses you.
The orc barely misses you. The orc hits you but does no damage.
Ijyb zaps a wand.
The puff of flame hits you. You resist.
There is a staircase to the Ecumenical Temple here.
The orc closely misses you. The orc hits you but does no damage.
The orc attacks as you move away! The orc hits you but does no damage. x2
The jelly attacks as you move away! The jelly hits you but does no damage.
There is a stone staircase leading down here.
The jelly attacks as you move away! The jelly barely misses you.
There is a stone staircase leading up here.
The jelly hits you. The acid corrodes you!
You are splashed with acid.
You climb upwards.
You hear the hiss of flowing sand.
There is an entrance to an ossuary on this level.
Hurry and find it before the portal is buried!
Found a glowing cloak.
There is a stone staircase leading down here.
Found a scroll labelled ROROEG NUKKEO and a long sword.
The jelly attacks as you move away! The jelly misses you.
A goblin comes into view. It is wielding a +0 club.
A goblin comes into view. It is wielding a +0 dagger.
Found a scroll labelled QUDEIDDUWN.
The jelly attacks as you move away! The jelly hits you. The acid corrodes you!
You are splashed with acid!
* * * LOW HITPOINT WARNING * * *
Found a bloodstained altar of Trog.
A protective cloak of flame settles atop you.
The jelly barely misses you. The jelly attacks as you move away!
The jelly hits you but does no damage.
The jelly is burned by your cloak of flames.
The jelly is moderately wounded.
The goblin shouts!
The goblin barely misses you. The jelly attacks as you move away!
The jelly barely misses you. The goblin hits you with a +0 club.
* * * LOW HITPOINT WARNING * * *
The goblin is burned by your cloak of flames.
You kill the goblin!
The jelly attacks as you move away! The jelly hits you.
You die...

##########
#........
###...... ..
#......# ...
#....@# ... ∆
#..)J## #.##
#.....##...##.l#
#.......?_..#..#
#......#.......#.
##......# #.......
#?.....####......
#.........#...####
#.................


You could see a jelly.

Vanquished Creatures
  An orc (Temple)
  A goblin (D:4)
2 creatures vanquished.

Notes
Turn   | Place    | Note
-------+----------+-------------------------------------------
     0 | D:5      | Reached skill level 9 in Stealth
     0 | D:5      | Arcadio the Gnoll Delver began the quest for the Orb.
     0 | D:5      | Reached XP level 1. HP: 23/23 MP: 1/1
     3 | D:5      | Noticed Ijyb
     3 | D:5      | Noticed a jelly
     8 | Temple   | Entered the Ecumenical Temple
   124 | Temple   | Became a worshipper of Ignis, the Dying Flame
   151 | D:4      | Noticed a hound
   151 | D:4      | Noticed an iguana
   157 | D:4      | Found a bloodstained altar of Trog.
   163 | D:4      | Slain by a jelly

Illustrated notes

Levels and vault maps discovered:
D:4:      layout_basic, trog_three_pillars_becter, nicolae_tso_besieged_by_evil,
          nicolae_overflow_squiral, serial_shops, shop, shop, shop,
          nicolae_diamond_shop, nicolae_diamond_shop,
          nicolae_ossuary_entry_catacombs, uniq_robin
D:5:      layout_rooms, nicolae_dithmenos_through_a_glass_darkly,
          minmay_temple_entry_sparse_star, uniq_ijyb
Temple:   pdpol_scorched_temple

Skill      XL: | |
---------------+-+-----
Stealth        | |  9.5
Fighting       | |  6.4
Long Blades    | |  4.4
Dodging        | |  4.4
Invocations    | |  0.1

Action                   || total
-------------------------++-------
Melee: Falchion          ||     6
Invok: Fiery Armour      ||     1
Armor: Leather armour    ||     6
Dodge: Dodged            ||    12
